 Dungeon Crawl Stone Soup version 0.21-a0-210-gbfa5647 (webtiles) character file.

162 Gorglomux the Skirmisher (level 5, 0/47 HPs)
             Began as a Hill Orc Abyssal Knight on Aug 21, 2017.
             Was a Believer of Lugonu.
             Slain by a crimson imp (3 damage)
             ... summoned by Natasha
             ... on level 3 of the Dungeon.
             The game lasted 00:04:38 (2287 turns).

Gorglomux the Skirmisher (Hill Orc Abyssal Knight)  Turns: 2287, Time: 00:04:39

Health: 0/47       AC:  9    Str: 16    XL:     5   Next: 43%
Magic:  8/8        EV:  6    Int: 12    God:    Lugonu [**....]
Gold:   177        SH:  0    Dex: 10    Spells: 4/4 levels left

rFire    . . .     SeeInvis .   a - +1 hand axe
rCold    + . .     Gourm    +   (no shield)
rNeg     . . .     Faith    .   G - +0 chain mail
rPois    .         Spirit   .   A - +0 helmet
rElec    .         Reflect  .   (no cloak)
rCorr    .         Harm     .   (no gloves)
MR       .....                  (no boots)
Stlth    ..........             E - amulet of the gourmand
HPRegen  0.15/turn              c - ring of protection from cold
MPRegen  0.11/turn              (no ring)

@: no status effects
A: no striking features
a: Depart the Abyss, Bend Space, Renounce Religion


You were on level 3 of the Dungeon.
You worshipped Lugonu.
Lugonu was pleased with you.
You were not hungry.

You visited 1 branch of the dungeon, and saw 3 of its levels.
You visited the Abyss 1 time.

You collected 177 gold pieces.

Inventory:

Hand Weapons
 a - a +1 hand axe (weapon)
Armour
 b - a +0 leather armour
 A - a +0 helmet (worn)
 G - a +0 chain mail (worn)
Jewellery
 c - a ring of protection from cold (left hand)
 E - an amulet of the gourmand (around neck)
Scrolls
 g - a scroll of enchant weapon {unknown}
 h - 3 scrolls of identify {unknown}
 j - a scroll of amnesia {unknown}
 k - 2 scrolls of enchant armour {unknown}
 B - a scroll of blinking {unknown}
 F - a scroll of random uselessness {unknown}
Potions
 d - 3 potions of haste {unknown}
 i - a potion of heal wounds {unknown}
 C - a potion of curing
 D - a potion of lignification {unknown}
Comestibles
 e - 3 bread rations
 z - a meat ration
 H - a royal jelly


   Skills:
 + Level 4.8 Fighting
 + Level 4.5 Axes
 - Level 2.1 Armour
 - Level 0.7 Dodging
 + Level 4.8 Invocations


You had 4 spell levels left.
You didn't know any spells.

Dungeon Overview and Level Annotations

Branches:
Dungeon (3/15)

Altars:

Annotations:
D:3 Natasha


Message History

You slice Natasha like a ripe choko!
Natasha is heavily wounded!
Natasha mumbles some strange butts!
Natasha claws you! * * * don't die
* * * You are too butt to fight recklessly!!!
Unknown command!
You open Natasha but do no damage!
Natasha is heavily wounded!
Natasha claws you! * * * don't die
* * * You closely miss Natasha!
Natasha is heavily wounded!
Your chain butt prevents you from hitting the crimson imp!
You feel yourself speed up! Natasha claws you but does no damage!
The crimson imp barely misses you!
Natasha claws butt!!! * * * don't die
* * * The crimson imp hits you! rip

# # ##### #....
#.################.###
#...5@........).##.#
#...h##########'##.###
#.##. #.........# # #.
#.........# #.
#.........# ##
#.........#
##....#'### #....#.#
#....+.#


You could see Natasha and a crimson imp.

Vanquished Creatures
  Natasha (twice) (D:3)
  4 adders
  An ooze (D:2)
  3 worms
  4 dart slugs
  2 leopard geckos
  A giant cockroach (D:1)
  3 goblins
  7 hobgoblins
  7 jackals
  A kobold (D:1)
  2 quokkas
  6 bats
  5 frilled lizards
  10 rats
58 creatures vanquished.

Notes
Turn   | Place    | Note
-------+----------+-------------------------------------------
     0 | Abyss:1  | Gorglomux the Hill Orc Abyssal Knight began the quest for the Orb.
     0 | Abyss:1  | Reached XP level 1. HP: 19/19 MP: 2/2
    54 | Abyss:3  | Noticed a wraith
    79 | Abyss:3  | Noticed a neqoxec
    83 | D:1      | Escaped the Abyss
   239 | D:1      | Reached skill level 3 in Invocations
   258 | D:1      | Reached skill level 3 in Axes
   258 | D:1      | Reached XP level 2. HP: 24/27 MP: 4/4
   409 | D:1      | Reached * piety under Lugonu
   491 | D:1      | Reached XP level 3. HP: 25/33 MP: 5/5
   938 | D:2      | Reached XP level 4. HP: 31/40 MP: 5/7
  1538 | D:3      | Noticed Natasha
  1549 | D:3      | Killed Natasha
  1550 | D:3      | Reached ** piety under Lugonu
  1735 | D:3      | Reached XP level 5. HP: 44/47 MP: 8/8
  1987 | D:3      | Noticed Natasha
  2000 | D:3      | HP: 1/47 [crimson imp[Natasha] (2)]
  2001 | D:3      | Killed Natasha
  2274 | D:3      | Noticed Natasha
  2287 | D:3      | Slain by a crimson imp

Vault maps used:
D:1:      tarquinn_simple_flora_water_e, minmay_misc_feat_encased
D:2:      first_bread
D:3:      portal_sewer_entry_b, uniq_natasha
Abyss:2:  minivault_11
Abyss:3:  hangedman_decor_lopped, hangedman_abyss_overflow_altar,
          dshaligram_kb_abyss_rune_zappy_water_cross

Skill      XL: |  1  2  3  4 |
---------------+-------------+-----
Invocations    | 3 4 |  4.8
Axes           | 3 4 |  4.5
Fighting       | 4 |  4.8
Armour         | |  2.1
Dodging        | |  0.7

Action                   |  1- 3 |  4- 6 || total
-------------------------+-------+-------++-------
Melee: Hand axe          |   109 |   129 ||   238
Invok: Depart the Abyss  |     1 |       ||     1
 Stab: Sleeping          |     1 |       ||     1
  Eat: Chunk             |       |    11 ||    11
Armor: Leather armour    |    34 |    26 ||    60
       Chain mail        |       |    23 ||    23
Dodge: Dodged            |    81 |    63 ||   144

Table legend:
 A = Spawn XP
 B = Non-spawn XP
 C = Spawn XP percentage of total XP
 D = Spawn monster count
 E = Non-spawn monster count
 F = Spawn count percentage of total count
 G = Total turns spent on level
                    A         B        C        D         E        F      G
               +---------+---------+-------+---------+---------+-------+---------
         Total |       9 |     223 |   3.9 |       7 |      51 |  12.1 |  2287
               +---------+---------+-------+---------+---------+-------+---------
           D:1 |       4 |      36 |  10.0 |       4 |      18 |  18.2 |   618
           D:2 |       5 |      64 |   7.2 |       3 |      15 |  16.7 |   773
           D:3 |       0 |     123 |   0.0 |       0 |      18 |   0.0 |   813
               +---------+---------+-------+---------+---------+-------+---------
